 Dungeon Crawl Stone Soup version 0.31-a0-948-gf5be29c462 (webtiles) character file.

Game seed: 12706038799755607851

7875 BinkBink the Thaumaturge (level 11, -2/54 HPs)
             Began as a Deep Elf Earth Elementalist on Oct 21, 2023.
             Was a Believer of Vehumet.
             Slain by Snorg (4 damage)
             ... on level 11 of the Dungeon.
             The game lasted 00:32:58 (13120 turns).

BinkBink the Thaumaturge (DEEE)                    Turns: 13120, Time: 00:32:58

Health: -2/54      AC: 13    Str:  5    XL:     11   Next: 2%
Magic:  6/28       EV: 12    Int: 25    God:    Vehumet [**....]
Gold:   711        SH:  0    Dex: 15    Spells: 22/33 levels left

rFire   . . .        j - +2 dagger (drain)
rCold   . . .        (no shield)
rNeg    + . .        k - +2 robe {rN+}
rPois   .            (no helmet)
rElec   .            g - +0 cloak
rCorr   +            q - +2 pair of gloves
SInv    .            A - +0 pair of boots
Will    +....        (no amulet)
Stlth   ++           d - ring of resist corrosion
HPRegen 0.29/turn    H - +4 ring of protection
MPRegen 0.21/turn

%: no passive effects
@: swift, quick
A: no striking features
a: Renounce Religion


You were on level 11 of the Dungeon.
You worshipped Vehumet.
Vehumet was pleased with you.
You visited 2 branches of the dungeon, and saw 12 of its levels.
You also visited: Sewer.

You collected 711 gold pieces.

Inventory:

Hand Weapons
 a - a +2 sling of flaming
 j - a +2 dagger of draining (weapon)
 w - a +4 great sword
 z - a +5 falchion
Armour
 g - a +0 cloak (worn)
 k - a +2 robe of positive energy (worn)
 q - a +2 pair of gloves (worn)
 A - a +0 pair of boots (worn)
Jewellery
 b - a ring of willpower
 d - a ring of resist corrosion (left hand)
 H - a +4 ring of protection (right hand)
Talismans
 e - a flux talisman
Wands
 s - a wand of quicksilver (28)
Scrolls
 f - a scroll of fog
 l - a scroll of blinking
 x - a scroll of enchant armour
 y - 2 scrolls of noise
 B - a scroll of vulnerability
 C - a scroll of enchant weapon
 E - a scroll of immolation
Potions
 c - 2 potions of cancellation
 h - 2 potions of heal wounds
 i - 2 potions of invisibility
 m - a potion of berserk rage {unknown}
 n - 6 potions of curing
 o - 2 potions of might {unknown}
 p - 3 potions of enlightenment
 r - 3 potions of resistance
 t - a potion of mutation {unknown}
 u - 2 potions of attraction
 v - 2 potions of lignification
 D - a potion of haste {unknown}


   Skills:
 - Level 2.4 Dodging
 - Level 2.4 Stealth
 + Level 11.6 Spellcasting
 + Level 9.1 Conjurations
 - Level 3.1 Transmutations
 + Level 8.0 Air Magic
 + Level 10.0 Earth Magic


You had 22 spell levels left.
You knew the following spells:

 Your Spells              Type           Power      Damage    Failure   Level
a - Sandblast             Erth           100%       2d20      1%          1
b - Stone Arrow           Conj/Erth      100%       3d13      1%          3
c - Swiftness             Air            53%        N/A       1%          3
d - Passwall              Tmut/Erth      39%        N/A       1%          2
e - Ensorcelled Hibernat  Hex/Ice        28%        N/A       6%          2

Your spell library contained the following spells:

 Spells                   Type           Power      Damage    Failure   Level
 Momentum Strike          Conj/Tloc      74%        3d10      1%          2
 Brom's Barrelling Bould  Conj/Erth      58%        2d7       1%          4
 Petrify                  Tmut/Erth      47%        N/A       2%          4
 Slow                     Hex            56%        N/A       4%          1
 Blink                    Tloc           28%        N/A       6%          2
 Confusing Touch          Hex            14%        N/A       12%         3
 Ozocubu's Armour         Ice            14%        N/A       12%         3
 Sigil of Binding         Hex            14%        N/A       12%         3
 Vampiric Draining        Necr           14%        2d7       12%         3
 Silence                  Hex/Air        17%        N/A       22%         5
 Manifold Assault         Tloc           14%        N/A       38%         4
 Passage of Golubria      Tloc           14%        N/A       38%         4
 Simulacrum               Ice/Necr       7%         N/A       99%         6
 Lehudib's Crystal Spear  Conj/Erth      29%        10d8      99%         8
 Ozocubu's Refrigeration  Ice            7%         4d9       100%        7
 Polar Vortex             Ice            7%         N/A       100%        9


Dungeon Overview and Level Annotations

Branches:
Dungeon (11/15)            Temple (1/1) D:6           Sewer (visited)
   Lair: D:8-11         Orc: D:9-12

Altars:
Ashenzari
Cheibriados
Dithmenos
Elyvilon
Fedhas
Gozag
Hepliaklqana
Kikubaaqudgha
Makhleb
Nemelex Xobeh
Okawaru
Qazlal
Ru
Sif Muna
Trog
Uskayaw
Vehumet
Wu Jian
Xom
Yredelemnul
Zin
The Shining One

Shops:
D:2 =

Annotations:
D:11 Snorg


Message History

Aiming: Stone Arrow (safe; 1% risk of failure)
Press: ? - help, Shift-Dir - straight line, f - centaur
Aim: a centaur (87% to hit)
The stone arrow hits the centaur!
The centaur is severely wounded.
The centaur wields a +0 shortbow.
The centaur shoots an arrow.
The arrow hits you but does no damage.
The centaur unwields a +0 shortbow.
The centaur hits you but does no damage.
The centaur kicks you but does no damage.
Casting: Stone Arrow (safe; 1% risk of failure)
Confirm with . or Enter, or press ? or * to list all spells.
Aiming: Stone Arrow (safe; 1% risk of failure)
Press: ? - help, Shift-Dir - straight line, f/p - centaur
Aim: a centaur, wielding a +0 shortbow (severely wounded, 87% to hit)
The stone arrow hits the centaur!!
You kill the centaur!
Vehumet accepts your kill.
Vehumet offers you knowledge of Momentum Strike.
You feel your power returning.
The centaur shoots an arrow.
The arrow hits you!
Snorg the Insatiable comes into view.
Casting: Stone Arrow (safe; 1% risk of failure)
Confirm with . or Enter, or press ? or * to list all spells.
Aiming: Stone Arrow (safe; 1% risk of failure)
Press: ? - help, Shift-Dir - straight line, f/p - centaur
Aim: a centaur, wielding a +0 shortbow (severely wounded, 87% to hit)
The stone arrow hits the centaur!!
You kill the centaur!
Vehumet accepts your kill.
You feel your power returning.
Snorg goes berserk!
Casting: Stone Arrow (safe; 1% risk of failure)
Confirm with . or Enter, or press ? or * to list all spells.
You feel quick.
Snorg rages.
Snorg bites you but does no damage. Snorg claws you! Snorg claws you.
Snorg attacks as she pursues you! Snorg bites you!
* * * LOW HITPOINT WARNING * * *
Snorg claws you!
* * * LOW HITPOINT WARNING * * *
Snorg claws you.
You die...

#.# #....# #.# ..#
#.#.## #.# #$
#.##.# #.### <.#
#.##.##.# #.# .##
###.......# #.# .#
......##.# #.# .# #
#.#...#.# #.#
.###.##....#..###.#
...............T@.#
..##.##...))..#####
......###).####
.###.......#
...##.####$# .#.# #
... .#.# >.. .. .
#.c.# .. ## #...#


You could see Snorg (berserk).

Vanquished Creatures
  A two-headed ogre (D:8)
  Pikel (D:4)
  An unseen horror (D:10)
  2 trolls
  A hornet (D:8)
  A shadow (D:10)
  A vampire (D:11)
  7 yaks (D:10)
  A wraith (D:11)
  2 wyverns
  2 water moccasins
  2 orc warriors (D:10)
  A sky beast (D:6)
  2 ice beasts
  9 centaurs
  An ogre (D:5)
  2 phantoms
  4 lemures
  4 bullfrogs
  A scorpion (D:7)
  17 wights
  4 howler monkeys
  6 jellies
  6 orc priests
  3 sleepcaps
  Jessica (D:2)
  2 iguanas
  Ijyb (D:3)
  Natasha (twice) (D:2)
  9 orc wizards
  3 gnolls
  16 adders
  A river rat (D:4)
  3 shadow imps
  3 white imps
  2 ufetubi (D:5)
  4 worms
  2 dart slugs (D:2)
  40 orcs
  18 ball pythons
  17 endoplasms
  11 giant cockroaches
  4 goblins
  6 hobgoblins
  4 jackals (D:3)
  7 kobolds
  9 quokkas
  3 bats
  6 frilled lizards
  7 rats
263 creatures vanquished.

Notes
Turn   | Place    | Note
-------+----------+-------------------------------------------
     0 | D:1      | BinkBink the Deep Elf Earth Elementalist began the quest
                  | for the Orb.
     0 | D:1      | Reached XP level 1. HP: 10/10 MP: 6/6
   337 | D:1      | Reached XP level 2. HP: 15/15 MP: 5/8
   727 | D:2      | Found Giral's Jewellery Emporium.
   802 | D:2      | Reached XP level 3. HP: 19/19 MP: 8/10
   806 | D:2      | Learned a level 3 spell: Stone Arrow
   903 | D:2      | Noticed Natasha
   908 | D:2      | Killed Natasha
   909 | D:2      | Reached skill level 4 in Spellcasting
   994 | D:2      | Noticed Jessica
   999 | D:2      | Killed Jessica
  1000 | D:2      | Reached skill level 1 in Conjurations
  1000 | D:2      | Reached XP level 4. HP: 24/24 MP: 8/12
  1179 | D:2      | Found a faded altar of an unknown god.
  1476 | D:2      | Noticed Natasha
  1479 | D:2      | Killed Natasha
  1480 | D:2      | Reached XP level 5. HP: 21/28 MP: 9/13
  1652 | D:3      | Identified the "Wicolag"
  1998 | D:3      | Noticed Ijyb
  2429 | D:3      | Found a glowing golden altar of the Shining One.
  2489 | D:3      | Learned a level 3 spell: Swiftness
  2510 | D:3      | Reached skill level 5 in Spellcasting
  2741 | D:3      | Found a bloodstained altar of Trog.
  3087 | D:4      | Reached XP level 6. HP: 32/32 MP: 13/15
  3111 | D:4      | Found a glowing drain.
  3130 | Sewer    | Entered a sewer
  3270 | Sewer    | Reached skill level 1 in Air Magic
  3617 | Sewer    | Reached skill level 5 in Earth Magic
  3880 | D:4      | Noticed Pikel
  4002 | D:4      | Reached XP level 7. HP: 36/36 MP: 6/17
  4021 | D:3      | Reached skill level 6 in Spellcasting
  4206 | D:3      | Killed Ijyb
  4721 | D:4      | Killed Pikel
  4722 | D:4      | Reached skill level 7 in Spellcasting
  4722 | D:4      | Reached skill level 5 in Conjurations
  4722 | D:4      | Reached XP level 8. HP: 36/41 MP: 3/20
  5164 | D:4      | Learned a level 2 spell: Passwall
  5182 | D:5      | Entered Level 5 of the Dungeon
  5829 | D:5      | Reached skill level 8 in Spellcasting
  6061 | D:5      | Found a hazy altar of Hepliaklqana.
  6062 | D:5      | Found a shimmering altar of Xom.
  6062 | D:5      | Noticed a will-o-the-wisp
  6063 | D:5      | Noticed a spectral ugly thing
  6063 | D:5      | Noticed a will-o-the-wisp
  6135 | D:5      | Found a snail-covered altar of Cheibriados.
  6135 | D:5      | Found a broken altar of Ashenzari.
  6267 | D:5      | Found an ancient bone altar of Kikubaaqudgha.
  6735 | D:6      | Identified the "Qesoukic"
  6735 | D:6      | Identified the "Evui"
  6735 | D:6      | Identified the of Omogorits
  7027 | D:6      | Found a shimmering blue altar of Sif Muna.
  7217 | D:6      | Reached XP level 9. HP: 45/45 MP: 16/23
  7223 | D:6      | Reached skill level 5 in Air Magic
  7578 | D:6      | Found a staircase to the Ecumenical Temple.
  7592 | Temple   | Entered the Ecumenical Temple
  8061 | D:7      | Reached skill level 9 in Spellcasting
  8184 | D:7      | Found a glowing silver altar of Zin.
  8469 | D:7      | Found a radiant altar of Vehumet.
  8474 | D:7      | Became a worshipper of Vehumet
  8846 | D:8      | Noticed a two-headed ogre
  8865 | D:8      | Killed a two-headed ogre
  9010 | D:8      | Learned a level 2 spell: Ensorcelled Hibernation
  9582 | D:8      | Reached skill level 10 in Spellcasting
  9749 | D:8      | Reached XP level 10. HP: 50/50 MP: 16/26
 10970 | D:9      | Reached * piety under Vehumet
 10970 | D:9      | Offered knowledge of Freeze by Vehumet.
 11049 | D:9      | Found a shadowy altar of Dithmenos.
 11528 | D:10     | Entered Level 10 of the Dungeon
 11815 | D:10     | Found an iron altar of Okawaru.
 11914 | D:10     | Reached skill level 11 in Spellcasting
 13112 | D:11     | Reached ** piety under Vehumet
 13113 | D:11     | Reached skill level 10 in Earth Magic
 13113 | D:11     | Reached XP level 11. HP: 43/54 MP: 13/28
 13114 | D:11     | Offered knowledge of Momentum Strike by Vehumet.
 13114 | D:11     | Noticed Snorg
 13120 | D:11     | HP: 2/54 [Snorg (9)]
 13120 | D:11     | Slain by Snorg

Illustrated notes

Levels and vault maps discovered:
D:1:      nzn_arrival_settlement, layout_basic, fountainhead,
          chequers_serial_rivers_small_a, minmay_misc_feat_columns,
          minmay_octomino_e4
D:2:      layout_basic, serial_shops, nicolae_shop_hallway_stairs,
          ebering_ecumenical_altar_petrified, kennysheep_generic_room_15,
          uniq_jessica, uniq_natasha
D:3:      minmay_bubble_buster, layout_rooms, trog_book, tso_altar, uniq_ijyb
D:4:      layout_cave_pools, cheibrodos_sewer_entry_sluice, uniq_pikel
D:5:      layout_basic, amcnicky_altar_gilded, gammafunk_temple_overflow_pools,
          regret_index_temple_of_mockery
D:6:      layout_basic, nicolae_sif_muna_little_library,
          minmay_temple_entry_large_hall, nicolae_half_adder
D:7:      layout_basic, vehumet_crystals, mainiacjoe_overflow_brackets
D:8:      layout_basic, serial_rivers, chequers_serial_rivers_micro_c,
          chequers_serial_rivers_small_b, chequers_serial_rivers_micro_a,
          chequers_serial_rivers_micro_e
D:9:      layout_loops_cross, mainiacjoe_overflow_chevrons,
          onia_ninara_dug_in_and_dangerous
D:10:     layout_loops_ring, okawaru_trees_2, minmay_misc_feat_encased,
          st_stairs_3
D:11:     layout_loops_cross, minmay_lair_entry_grove, uniq_snorg
Temple:   compressed_dpeg_circular_temple

Skill      XL: |  1  2  3  4  5  6  7  8  9 10 |
---------------+-------------------------------+-----
Transmutations | 2 3 |  3.1
Spellcasting   | 4 5 7 8 10 11 | 11.6
Earth Magic    | 4 5 6 7 8 10 | 10.0
Conjurations   | 1 2 3 5 6 7 9 |  9.1
Air Magic      | 2 3 4 6 8 |  8.0
Dodging        | |  2.4
Stealth        | |  2.4

Action                     |  1- 3 |  4- 6 |  7- 9 | 10-12 || total
---------------------------+-------+-------+-------+-------++-------
  Melee: Dagger            |       |     1 |    26 |     4 ||    31
   Cast: Sandblast         |    32 |   139 |    28 |    15 ||   214
         Stone Arrow       |       |    12 |   140 |    82 ||   234
         Swiftness         |       |     2 |     2 |     1 ||     5
    Use: Scroll            |       |     4 |     8 |    10 ||    22
         Potion            |       |       |     1 |     1 ||     2
 Armour: Robe              |     4 |    51 |    53 |    46 ||   154
  Dodge: Dodged            |     4 |    46 |    19 |    31 ||   100

Table legend: (Time is in decaauts)
 A = Elapsed time spent in this place.
 B = Non-inter-level travel time spent in this place.
 C = Inter-level travel time spent in this place.
 D = Time resting spent in this place.
 E = Time spent auto-exploring this place.
 F = Levels seen in this place.
 G = Mean time per level.
                   A        B        C        D        E       F      G
               +--------+--------+--------+--------+--------+-----+--------+
         Total |  13288 |  12916 |    372 |   1136 |  10038 |  13 | 1022.2 |
       Dungeon |  12540 |  12168 |    372 |   1064 |   9624 |  11 | 1140.0 |
        Temple |     65 |     65 |      0 |      0 |      0 |   1 |   65.0 |
         Sewer |    681 |    681 |      0 |     72 |    414 |   1 |  681.0 |
               +--------+--------+--------+--------+--------+-----+--------+

Top non-repeatable levels by time:
     D:3: 1691 daAuts
     D:8: 1690 daAuts
     D:5: 1554 daAuts
    D:10: 1326 daAuts
     D:4: 1182 daAuts
     D:6: 1073 daAuts
     D:2: 1053 daAuts
     D:9: 1042 daAuts
     D:7: 917 daAuts
     D:1: 738 daAuts
   Sewer: 681 daAuts
    D:11: 271 daAuts
  Temple: 65 daAuts
